 Seeded DCSS version 0.30-a0-140-gd1020e658a (webtiles) character file.

Game seed: 7635260653853379904 (custom seed)

8 ravioli the Digger (level 2, 17/17 HPs)
             Began as an Octopode Earth Elementalist on Sept 24, 2022.
             Quit the game on level 1 of the Dungeon.
             The game lasted 00:00:43 (679 turns).

ravioli the Digger (Octopode Earth Elementalist)     Turns: 679, Time: 00:00:43

Health: 17/17      AC:  1    Str:  7    XL:     2   Next: 8%
Magic:  5/5        EV: 13    Int: 17    God:
Gold:   6          SH:  0    Dex: 12    Spells: 4/5 levels left

rFire   . . .      SeeInvis .    (no weapon)
rCold   . . .      Faith    .    (no shield)
rNeg    . . .      Spirit   .    (helmet restricted)
rPois   .          Reflect  .    (no amulet)
rElec   .          Harm     .    (no ring)
rCorr   .          Rampage  .    (no ring)
Will    .....                    (no ring)
Stlth   +++.......               (no ring)
HPRegen 0.05/turn                (no ring)
MPRegen 0.09/turn                (no ring)
                                 (no ring)
                                 (no ring)

@: no status effects
A: almost no armour, amphibious, 8 rings, camouflage 1, gelatinous body 1,
(nimble swimmer 1), tentacles
a: no special abilities


You were on level 1 of the Dungeon.
You visited 1 branch of the dungeon, and saw 1 of its levels.

You collected 6 gold pieces.

Inventory:

Potions
 a - 2 potions of magic
 b - a potion of might {unknown}


   Skills:
 + Level 2.0 Dodging
 + Level 2.8 Stealth
 + Level 0.1 Unarmed Combat
 + Level 2.0 Spellcasting
 + Level 1.0 Transmutations
 + Level 3.4 Earth Magic


You had 4 spell levels left.
You knew the following spells:

 Your Spells              Type           Power      Damage    Failure   Level
a - Sandblast             Erth           26%        2d8       4%          1

Your spell library contained the following spells:

 Spells                   Type           Power      Damage    Failure   Level
 Passwall                 Tmut/Erth      7%         N/A       12%         2
 Stone Arrow              Conj/Erth      14%        3d7       28%         3
 Petrify                  Tmut/Erth      9%         N/A       61%         4
 Ice Form                 Ice/Tmut       3%         N/A       83%         4
 Hailstorm                Conj/Ice       1%         3d3       88%         4
 Simulacrum               Ice/Necr       0%         N/A       100%        6


Dungeon Overview and Level Annotations

Branches:
Dungeon (1/15)

Altars:


Innate Abilities, Weirdness & Mutations

You cannot wear most types of armour.
You are amphibious.
You can wear up to eight rings at the same time.
Your skin changes colour to match your surroundings (Stealth+).
Your rubbery body absorbs attacks. (AC +1, EV +1)
((You are camouflaged when in or above water. (Stealth+)))
You have tentacles for arms and can constrict up to eight enemies at once.


Message History

There is an open door here.
A bat comes into view.
A bat is nearby!
The bat hits you.
Found 6 gold pieces.
The bat closely misses you. The bat barely misses you.
The bat hits you but does no damage.
You tentacle-slap the bat. You grab the bat.
The bat is moderately wounded.
You constrict the bat. The bat hits you.
The bat escapes!
The bat hits you but does no damage. The bat hits you but does no damage.
You closely miss the bat. Your grab misses the bat.
The bat completely misses you. The bat closely misses you.
The bat hits you but does no damage.
You miss the bat. Your grab misses the bat. The bat hits you.
The bat barely misses you. The bat closely misses you.
You miss the bat. Your grab misses the bat. The bat barely misses you.
The bat misses you.
You barely miss the bat. You grab the bat.
You constrict the bat, but do no damage.
The bat barely misses you. The bat misses you.
The bat escapes!
You tentacle-slap the bat. You grab the bat.
You squeeze the bat, but do no damage.
The bat is severely wounded.
You constrict the bat.
You kill the bat!
No target in view!
No target in view!
HP restored.
You open the door.
There is an open door here.
a - 2 potions of magic (gained 1)
You now have 6 gold pieces.
A rat comes into view.
Found a stone staircase leading down.
You see here 4 gold pieces.
A rat is nearby!
You see here a smoky cyan potion.
A rat is nearby!
Are you sure you want to abandon this character and quit the game? (Confirm with "yes".)

.... ............
.... .>..r...... ..#.
........... . ##
.......?.. ...
.........# ......
.........# ......
.........# ......
.......@.##......#
.....#..$........#
... #.........#.. . .
#...........# .
+.##........# .
#.##........+ .
###..#........# .
#....#........######.
+.....###............


You could see a rat (asleep).

Vanquished Creatures
  A dart slug (D:1)
  A kobold (D:1)
  A ball python (D:1)
  A bat (D:1)
  A frilled lizard (D:1)
  A goblin (D:1)
  2 rats (D:1)
8 creatures vanquished.

Notes
Turn   | Place    | Note
-------+----------+-------------------------------------------
     0 | D:1      | ravioli the Octopode Earth Elementalist began the quest for
                  | the Orb.
     0 | D:1      | Reached XP level 1. HP: 11/11 MP: 3/3
   577 | D:1      | Found a faded altar of an unknown god.
   595 | D:1      | Reached XP level 2. HP: 17/17 MP: 5/5
   679 | D:1      | Quit the game

Illustrated notes

Levels and vault maps discovered:
D:1:      minmay_arrival_five_plusses, layout_basic,
          shapermc_ecumenical_altar_notcrosses

Action                   || total
-------------------------++-------
Melee: Unarmed           ||    21
       Constrict         ||     7
       Tentacles         ||     4
 Stab: Sleeping          ||     3
Armor: Skin              ||     4
Dodge: Dodged            ||    15

Table legend: (Time is in decaauts)
 A = Elapsed time spent in this place.
 B = Non-inter-level travel time spent in this place.
 C = Inter-level travel time spent in this place.
 D = Time resting spent in this place.
 E = Time spent auto-exploring this place.
 F = Levels seen in this place.
 G = Mean time per level.
                   A        B        C        D        E       F      G
               +--------+--------+--------+--------+--------+-----+--------+
         Total |    679 |    679 |      0 |    346 |    255 |   1 |  679.0 |
       Dungeon |    679 |    679 |      0 |    346 |    255 |   1 |  679.0 |
               +--------+--------+--------+--------+--------+-----+--------+

Top non-repeatable levels by time:
     D:1: 679 daAuts
